 Dungeon Crawl Stone Soup version 0.29.1 (webtiles) character file.

Game seed: 15088105465024686250

14021 smilodon the Brawler (level 11, -4/98 HPs)
             Began as a Troll Fighter on Sept 14, 2022.
             Was an Elder of Wu Jian.
             Slain by an orc warrior
             ... wielding a +0 hand axe
             ... led by an orc knight
              (18 damage)
             ... on level 2 of the Orcish Mines.
             The game lasted 00:29:14 (9323 turns).

smilodon the Brawler (Troll Fighter)                Turns: 9323, Time: 00:29:14

Health: -4/98      AC: 10    Str: 30    XL:     11   Next: 83%
Magic:  10/10      EV:  9    Int:  4    God:    Wu Jian [****..]
Gold:   1132       SH:  0    Dex:  9    Spells: 10/10 levels left

rFire   . . .      SeeInvis +     - Unarmed
rCold   . . .      Faith    .   b - +0 kite shield
rNeg    . . .      Spirit   .   H - +2 troll leather armour
rPois   +          Reflect  .   (helmet restricted)
rElec   .          Harm     .   d - +1 cloak of Precision Catastrophes {Rampage SInv}
rCorr   .          Rampage  +   (gloves unavailable)
Will    +....                   (boots unavailable)
Stlth   ..........              i - amulet of regeneration
HPRegen 3.46/turn               k - ring of poison resistance
MPRegen 0.12/turn               C - ring of willpower

@: confused, about to teleport, ambrosia-drunk
A: large, unfitting armour, claws 3, regeneration 2, shaggy fur 1, tough skin 1,
sense surroundings 1
a: Renounce Religion, Wall Jump, Serpent's Lash


You were on level 2 of the Orcish Mines.
You worshipped Wu Jian.
Wu Jian was greatly pleased with you.
You visited 2 branches of the dungeon, and saw 14 of its levels.
You also visited: Bailey.

You collected 1297 gold pieces.
You spent 165 gold pieces at shops.

Inventory:

Missiles
 x - 28 boomerangs
 G - 10 poisoned darts
Armour
 a - a +1 robe
 b - a +0 kite shield (worn)
 d - the +1 cloak of Precision Catastrophes (worn) {Rampage SInv}
   (You acquired it on level 2 of the Dungeon)

   SInv:      It lets you see invisible.
   Rampage:   It bestows one free step when moving towards enemies.
 v - the +10 tower shield of Ignorance {rN+ Int-4}
   (You found it in a bailey)

   Int:       It affects your intelligence (-4).
   rN:        It protects you from negative energy.
 E - the +0 robe of Xuyfus {Regen+ Dex+2 Slay-2}
   (You found it on level 8 of the Dungeon)

   Dex:       It affects your dexterity (+2).
   Slay:      It affects your accuracy & damage with ranged weapons and melee
   (-2).
   Regen:     It increases your rate of health regeneration.
 H - a +2 troll leather armour (worn)
Jewellery
 h - an amulet of reflection
 i - an amulet of regeneration (around neck)
 k - a ring of poison resistance (left claw)
 q - an amulet of faith
 u - a ring of see invisible
 w - a ring of protection from cold
 C - a ring of willpower (right claw)
 K - a ring of willpower
Wands
 B - a wand of polymorph (5)
Scrolls
 e - 2 scrolls of vulnerability
 g - a scroll of enchant weapon
 j - a scroll of brand weapon
 m - 9 scrolls of teleportation
 p - a scroll of immolation
 r - 6 scrolls of identify
 I - a scroll of amnesia
 N - a scroll of magic mapping
Potions
 f - 7 potions of flight
 l - a potion of mutation
 n - 2 potions of attraction
 o - 3 potions of magic
 t - 3 potions of lignification
 M - 2 potions of berserk rage
Miscellaneous
 F - a tin of tremorstones (2/2)


   Skills:
 + Level 3.8 Fighting
 + Level 1.9 Throwing
 + Level 3.9 Dodging
 + Level 4.2 Shields
 + Level 17.7 Unarmed Combat


You had 10 spell levels left.
You didn't know any spells.
Your spell library contained the following spells:

 Spells                   Type           Power      Damage    Failure   Level
 Apportation              Tloc           0%         N/A       83%         1
 Necrotise                Necr           0%         1d4       83%         1
 Shock                    Conj/Air       0%         1d3       83%         1
 Slow                     Hex            0%         N/A       83%         1
 Summon Small Mammal      Summ           0%         N/A       83%         1
 Confusing Touch          Hex            0%         N/A       99%         3
 Conjure Flame            Conj/Fire      0%         6-21      99%         3
 Gell's Gravitas          Tloc           0%         N/A       99%         3
 Ignite Poison            Fire/Tmut/Pois 0%         N/A       99%         3
 Lesser Beckoning         Tloc           0%         N/A       99%         3
 Ozocubu's Armour         Ice            0%         N/A       99%         3
 Swiftness                Air            0%         N/A       99%         3
 Teleport Other           Tloc           0%         N/A       99%         3
 Vampiric Draining        Necr           0%         2d6       99%         3
 Airstrike                Air            0%         2d(0-16)  100%        4
 Animate Dead             Necr           0%         N/A       100%        4
 Sticky Flame             Conj/Fire      0%         2d3       100%        4
 Haunt                    Necr/Summ      0%         N/A       100%        7
 Ozocubu's Refrigeration  Ice            0%         4d7       100%        7
 Infestation              Necr           0%         N/A       100%        8


Dungeon Overview and Level Annotations

Branches:
Dungeon (12/15)            Temple (0/1) D:6            Lair (0/5) D:8
    Orc (1/2) D:12         Bailey (visited)

Altars:
Ashenzari
Dithmenos
Hepliaklqana
Kikubaaqudgha
Makhleb
Ru
Sif Muna
Trog
Wu Jian
Xom
Yredelemnul
Zin

Shops:
D:7 *

Annotations:
D:10 exclusion: orange crystal statue


Innate Abilities, Weirdness & Mutations

You are too large for most types of armour.
You have claws for hands.
You heal very quickly.
You are covered in fur. (AC +1)
You have tough skin. (AC +1)
You passively map a small area around you.


Message History

Unknown command.
You barely miss the orc knight.
The orc knight is moderately wounded.
The warg bites you! The orc hits you but does no damage.
The orc knight unwields a +0 arbalest.
The orc knight wields a +0 great sword.
The orc knight hits you with a +0 great sword!!
Unknown command.
Okay, then.
Okay, then.
Okay, then.
You closely miss the orc knight.
The orc knight is moderately wounded.
The warg closely misses you.
The orc knight hits you with a +0 great sword!
You closely miss the orc knight.
The orc knight is moderately wounded.
The warg bites you!
* * * LOW HITPOINT WARNING * * *
You mangle the orc knight!!
The orc knight is almost dead.
You hear a shout!
The warg bites you!
* * * LOW HITPOINT WARNING * * *
The orc knight roars a battlecry!
An orc comes into view. It is wielding a +0 whip.
You block the orc warrior's attack.
As you read the scroll of teleportation, it crumbles to dust.
You feel strangely unstable. The warg bites you.
* * * LOW HITPOINT WARNING * * *
The orc knight barely misses you. The warg bites you.
* * * LOW HITPOINT WARNING * * *
The orc warrior hits you with a +0 hand axe!
* * * LOW HITPOINT WARNING * * *
Okay, then.
Okay, then.
You are confused.
You feel invigorated. The orc knight completely misses you. The warg bites you.
* * * LOW HITPOINT WARNING * * *
The orc warrior hits you with a +0 hand axe!!
You die...

#####...#... h.... ,,, ##
###..#.#...... ....., .##
##................o.. ,
..###............. .$....
...##..........# #......,
,
..##...##......###o......
.......#....#...oho......,
,
......###......oohoo.....
.......###.#...#@#o..#..#
.......# ##...#####.##, ,
....#...# ##.## ## *
...##....# ### *
..##....## *, * , ..#
,.... * , , . * ** . * , ,
, ..... , ,


You could see an orc knight, 2 wargs, 2 orc warriors, an orc priest (strong), an
orc wizard (strong, invisible) and 3 orcs.

Vanquished Creatures
  A boulder beetle (D:12)
  2 two-headed ogres (D:12)
  An orc high priest (Orc:2)
  Pikel (D:6)
  A manticore (D:11)
  An ugly thing (D:12)
  2 komodo dragons
  A kobold demonologist (D:11)
  5 trolls
  2 hornets (D:9)
  A wraith (D:12)
  A shadow (D:11)
  8 yaks
  A wyvern (D:9)
  Eustachio (D:6)
  2 vampires (D:11)
  2 steam dragons
  3 vampire mosquitoes (D:11)
  Menkaure (D:6)
  3 acid dragons
  A water moccasin (D:6)
  14 orc warriors
  An ice beast (D:8)
  A sky beast (D:7)
  2 ogres
  4 centaurs
  2 kobold brigands
  3 bullfrogs
  Blork the orc (D:6)
  A necrophage (D:5)
  A scorpion (D:5)
  A gnoll sergeant (D:9)
  14 wights
  9 killer bees
  A howler monkey (D:9)
  A crimson imp (D:8)
  8 hounds
  2 jellies (D:6)
  2 gnoll boudas
  5 orc priests
  6 iguanas
  12 orc wizards
  8 adders
  16 gnolls
  3 worms
  A dart slug (D:5)
  21 orcs
  5 ball pythons
  5 bats
  4 endoplasms
  3 giant cockroaches
  14 goblins
  13 hobgoblins
  5 jackals
  3 quokkas
  4 frilled lizards
  18 kobolds
  5 rats
260 creatures vanquished.

Vanquished Creatures (collateral kills)
  An orc warrior (Orc:2)
  A gnoll (Orc:2)
  An orc (Orc:2)
3 creatures vanquished.

Vanquished Creatures (others)
  12 fungi (D:4)
  2 plants (D:3)
14 creatures vanquished.

Grand Total: 277 creatures vanquished

Notes
Turn   | Place    | Note
-------+----------+-------------------------------------------
     0 | D:1      | smilodon the Troll Fighter began the quest for the Orb.
     0 | D:1      | Reached XP level 1. HP: 22/22 MP: 0/0
    74 | D:1      | Reached XP level 2. HP: 29/29 MP: 1/1
   149 | D:1      | Found a faded altar of an unknown god.
   183 | D:1      | Prayed at the altar of an unknown god.
   183 | D:1      | Became a worshipper of the Wu Jian Council
   183 | D:1      | Reached * piety under Wu Jian
   186 | D:1      | You fall into a shaft and drop 1 floor!
   449 | D:2      | Reached XP level 3. HP: 36/36 MP: 2/2
  1035 | D:2      | Reached ** piety under Wu Jian
  1336 | D:2      | Identified a scroll of acquirement
  1336 | D:2      | Acquired the +1 cloak of Precision Catastrophes {Rampage
                  | SInv}
  1340 | D:2      | Gained mutation: You heal very quickly. [potion of
                  | mutation]
  1340 | D:2      | Gained mutation: You passively map a small area around you.
                  | [potion of mutation]
  1435 | D:3      | Reached XP level 4. HP: 44/44 MP: 3/3
  2095 | D:4      | Reached skill level 3 in Unarmed Combat
  2113 | D:4      | Reached XP level 5. HP: 53/53 MP: 4/4
  2180 | D:4      | Found a bloodstained altar of Trog.
  2620 | D:4      | Reached skill level 4 in Unarmed Combat
  2793 | D:5      | Entered Level 5 of the Dungeon
  2806 | D:5      | Reached XP level 6. HP: 61/61 MP: 5/5
  2848 | D:5      | Reached skill level 5 in Unarmed Combat
  2911 | D:5      | Found a shadowy altar of Dithmenos.
  2958 | D:5      | Reached XP level 7. HP: 67/67 MP: 6/6
  2975 | D:5      | Reached skill level 6 in Unarmed Combat
  3522 | D:6      | Reached *** piety under Wu Jian
  3564 | D:6      | Reached skill level 7 in Unarmed Combat
  3576 | D:6      | Found a staircase to the Ecumenical Temple.
  3580 | D:6      | Noticed a steam dragon
  3603 | D:6      | Noticed Blork the orc
  3603 | D:6      | Noticed Menkaure
  3609 | D:6      | Killed Menkaure
  3610 | D:6      | Killed Blork the orc
  3618 | D:6      | Noticed Eustachio
  3631 | D:6      | Noticed Pikel
  3646 | D:6      | Killed Pikel
  3647 | D:6      | Reached skill level 9 in Unarmed Combat
  3647 | D:6      | Reached XP level 8. HP: 60/75 MP: 7/7
  3661 | D:6      | Killed Eustachio
  3662 | D:6      | Reached skill level 10 in Unarmed Combat
  3701 | D:6      | Reached XP level 9. HP: 69/83 MP: 8/8
  3733 | D:6      | Reached skill level 11 in Unarmed Combat
  4056 | D:7      | Found a flagged portal.
  4082 | Bailey   | Entered a bailey
  4192 | Bailey   | Found the +10 tower shield of Ignorance {rN+ Int-4}
  4225 | Bailey   | Reached **** piety under Wu Jian
  4226 | Bailey   | Reached skill level 12 in Unarmed Combat
  4247 | Bailey   | Identified the +5 sling "Berosant" {vorpal, *Slow rElec
                  | Str+2}
  4451 | D:7      | Reached skill level 13 in Unarmed Combat
  4491 | D:7      | Found a broken altar of Ashenzari.
  4713 | D:7      | Found a glowing silver altar of Zin.
  4800 | D:7      | Found a basalt altar of Yredelemnul.
  5294 | D:7      | Found Koin Nis's General Store.
  5299 | D:7      | Bought a potion of curing for 45 gold pieces
  5299 | D:7      | Bought a potion of heal wounds for 75 gold pieces
  5299 | D:7      | Bought a scroll of teleportation for 45 gold pieces
  5401 | D:8      | Found a staircase to the Lair.
  5475 | D:8      | Reached XP level 10. HP: 77/91 MP: 9/9
  5699 | D:8      | Found a burning altar of Makhleb.
  5699 | D:8      | Found a shimmering altar of Xom.
  5793 | D:8      | Reached skill level 14 in Unarmed Combat
  5812 | D:8      | Found a hazy altar of Hepliaklqana.
  6091 | D:8      | Identified the +0 robe of Xuyfus {Regen+ Dex+2 Slay-2}
  7028 | D:10     | Entered Level 10 of the Dungeon
  7048 | D:10     | Reached skill level 15 in Unarmed Combat
  7111 | D:10     | Found an ancient bone altar of Kikubaaqudgha.
  7344 | D:10     | Found a sacrificial altar of Ru.
  7501 | D:10     | Reached ***** piety under Wu Jian
  7516 | D:10     | Noticed an orange crystal statue
  8360 | D:11     | Reached skill level 16 in Unarmed Combat
  8447 | D:11     | Reached XP level 11. HP: 78/97 MP: 10/10
  8573 | D:11     | Found a shimmering blue altar of Sif Muna.
  8728 | D:12     | Noticed a green ugly thing
  8735 | D:12     | Killed a green ugly thing
  8765 | D:12     | Noticed a two-headed ogre
  8774 | D:12     | Killed a two-headed ogre
  8775 | D:12     | Reached skill level 17 in Unarmed Combat
  8827 | D:12     | Found a staircase to the Orcish Mines.
  8830 | D:12     | Noticed a four-headed hydra
  8831 | D:12     | Noticed a boulder beetle
  8899 | D:12     | Noticed a two-headed ogre
  8905 | D:12     | Killed a two-headed ogre
  9043 | D:12     | Killed a boulder beetle
  9044 | D:12     | Reached skill level 1 in Throwing
  9073 | Orc:1    | Entered Level 1 of the Orcish Mines
  9073 | Orc:1    | You fall into a shaft and drop 1 floor!
  9073 | Orc:2    | Entered Level 2 of the Orcish Mines
  9084 | Orc:2    | HP: 3/97 [gnoll/+1 vorpal spear[a gnoll bouda] (3)]
  9087 | Orc:2    | Noticed an orc high priest
  9138 | Orc:2    | Killed an orc high priest
  9305 | Orc:2    | Noticed an orc knight
  9323 | Orc:2    | Slain by an orc warrior

Illustrated notes

Levels and vault maps discovered:
D:1:      ncdulo_halloftheorcs, layout_basic,
          hellmonk_ecumenical_altar_dog_temple
D:2:      layout_loops_ring, minivault_5, dreamdust_wishing_well,
          chequers_mini_garden
D:3:      layout_loops_ring, serial_bayou_crossing
D:4:      layout_loops_ring, mainiacjoe_overflow_catwalk, serial_aquarium,
          aquarium_bridge_island_small [aquarium_subvault_small_water,
          aquarium_subvault_bridge, aquarium_subvault_balcony,
          aquarium_subvault_wall, aquarium_subvault_window], aquarium_window_3,
          aquarium_window_fake, aquarium_window_corner, aquarium_view_2c
D:5:      layout_gridville, mainiacjoe_overflow_surrounded_room, st_stairs_11
D:6:      layout_rooms, minmay_temple_entry_mini_moons, uniq_pikel,
          uniq_blork_the_orc, uniq_menkaure, uniq_eustachio
D:7:      layout_basic, amcnicky_altar_gilded, kennysheep_mini_moat,
          nicolae_ashenzari_panopticon, enter_bailey_5, serial_shops,
          nicolae_square_shop, dk_rats_in_the_wall
D:8:      layout_gridville, grunt_temple_overflow_champion_of_chaos,
          nicolae_hepliaklqana_hazy_memory
D:9:      layout_basic
D:10:     layout_stronghold, mainiacjoe_overflow_boulevard,
          kiku_gazebo_pond_becter, minivault_16
D:11:     layout_gridville, minmay_misc_feat_enclosed, led_sif_pool
D:12:     layout_roguey, orc_0_dummy, nicolae_elevator_lobby_plus
Orc:1:    layout_caves, serial_shops, nicolae_shop_trees
Orc:2:    st_orc_rangers, layout_caves

Skill      XL: |  1  2  3  4  5  6  7  8  9 10 11 |
---------------+----------------------------------+-----
Shields        | 3 4 |  4.2
Fighting       | 3 |  3.8
Dodging        | 3 |  3.9
Unarmed Combat | 3 4 5 9 10 13 16 17 | 17.7
Throwing       | 1 |  1.9

Action                   |  1- 3 |  4- 6 |  7- 9 | 10-12 || total
-------------------------+-------+-------+-------+-------++-------
Melee: Unarmed           |   134 |   105 |   296 |   320 ||   855
       Flail             |       |       |       |     5 ||     5
Throw: Boomerang         |       |       |     3 |     1 ||     4
Invok: Lunge             |    12 |       |       |       ||    12
       Serpent's Lash    |       |       |     1 |     1 ||     2
       Whirlwind         |       |       |    14 |     7 ||    21
       Heavenly Storm    |       |       |       |     1 ||     1
Evoke: Wand              |       |       |       |    11 ||    11
  Use: Scroll            |    11 |     3 |     9 |    10 ||    33
       Potion            |     1 |     2 |     6 |     8 ||    17
 Stab: Sleeping          |       |     1 |       |       ||     1
Armor: Robe              |    37 |    31 |    72 |    24 ||   164
       Troll leather arm |       |       |       |   112 ||   112
Dodge: Dodged            |    37 |    24 |   160 |   153 ||   374
Block: Kite shield       |    42 |    29 |   129 |   171 ||   371
